TOP OF THE 1ST |
Reno Aces batting - Pitching for Gwinnett Braves : RHP Dustin Noriega
|
Pitching: RHP Dustin Noriega
|
|
Batting: SHB Carlos Rodriguez
|
0-0: Ball 1-0: Called Strike 1-1: Ball 2-1: Ball 3-1: Fly out, F7 (Flyball, 7LD, EV 85.0 MPH)
|
Batting: LHB Ian Jarvis
|
0-0: Ball 1-0: Called Strike 1-1: Ground out 2-3 (Groundball, 13S, EV 65.6 MPH)
|
Batting: LHB Jeff Densmore
|
0-0: Called Strike 0-1: Foul Ball, location: 2F 0-2: Ball 1-2: Strikes out swinging
|
Top of the 1st over - 0 runs, 0 hits, 0 errors, 0 left on base; Reno 0 - Gwinnett 0 |
BOTTOM OF THE 1ST |
Gwinnett Braves batting - Pitching for Reno Aces : RHP Marcos Tejeda
|
Pitching: RHP Marcos Tejeda
|
|
Batting: RHB Nate Taylor
|
0-0: Called Strike 0-1: Ball 1-1: SINGLE (Flyball, 8RS, EV 93.8 MPH)
|
Batting: LHB Chris Locklear
|
0-0: Ball 1-0: Called Strike 1-1: Foul Ball, location: 2F 1-2: Ball 2-2: Foul Ball, location: 2F 2-2: Strikes out looking
|
Batting: SHB Bob Morales
|
0-0: Called Strike Nate Taylor steals 2nd base 0-1: Ball 1-1: TRIPLE (Line Drive, 7D, EV 109.4 MPH) Nate Taylor scores
|
Batting: LHB David Bramble
|
0-0: Called Strike 0-1: Ball 1-1: Ground out 4-3 (Groundball, 4, EV 81.9 MPH) Bob Morales scores
|
Batting: SHB Brian Bagley
|
0-0: Fly out, F8 (Line Drive, 8RD, EV 104.4 MPH)
|
Bottom of the 1st over - 2 runs, 2 hits, 0 errors, 0 left on base; Reno 0 - Gwinnett 2 |
TOP OF THE 2ND |
Reno Aces batting - Pitching for Gwinnett Braves : RHP Dustin Noriega
|
Batting: LHB Steve Reinhart
|
0-0: Swinging Strike 0-1: Ball 1-1: Swinging Strike 1-2: Strikes out swinging
|
Batting: SHB Gerardo Flores
|
0-0: Called Strike 0-1: Ball 1-1: Ball 2-1: Foul Ball, location: 2F 2-2: Foul Ball, location: 2F 2-2: Fly out, F9 (Flyball, 89XD, EV 101.9 MPH)
|
Batting: RHB Justin McQuarter
|
0-0: Swinging Strike 0-1: SOLO HOME RUN (Flyball, 89XD, EV 101.9 MPH), Distance : 403 ft
|
Batting: RHB Roberto Rodriguez
|
0-0: SINGLE (Groundball, 6S, EV 66.2 MPH) (infield hit)
|
Batting: RHB Dustin Clark
|
0-0: Foul Ball, location: 2F 0-1: Called Strike Roberto Rodriguez is caught stealing 2nd base 2-4
|
Top of the 2nd over - 1 run, 2 hits, 0 errors, 0 left on base; Reno 1 - Gwinnett 2 |
BOTTOM OF THE 2ND |
Gwinnett Braves batting - Pitching for Reno Aces : RHP Marcos Tejeda
|
Batting: RHB Alex Munoz
|
0-0: Ball 1-0: Called Strike 1-1: Swinging Strike 1-2: Strikes out swinging
|
Batting: RHB John Peterson
|
0-0: Called Strike 0-1: Ball 1-1: Ball 2-1: Ball 3-1: Base on Balls
|
Batting: LHB Fred Arends
|
0-0: Called Strike John Peterson is caught stealing 2nd base 2-6 0-1: Ground out 4-3 (Groundball, 4M, EV 80.0 MPH)
|
Bottom of the 2nd over - 0 runs, 0 hits, 0 errors, 0 left on base; Reno 1 - Gwinnett 2 |
TOP OF THE 3RD |
Reno Aces batting - Pitching for Gwinnett Braves : RHP Dustin Noriega
|
Batting: RHB Dustin Clark
|
0-0: Bunted foul 0-1: Ball 1-1: Fly out, F7 (Line Drive, 7, EV 101.9 MPH)
|
Batting: RHB Jonathan Lugo
|
0-0: Foul Ball, location: 2F 0-1: SINGLE (Groundball, 6D, EV 97.5 MPH)
|
Batting: SHB Carlos Rodriguez
|
0-0: Ball 1-0: Ball 2-0: Ball 3-0: Called Strike 3-1: Foul Ball, location: 2F 3-2: Strikes out looking Jonathan Lugo is caught stealing 2nd base 2-6 Batter strikes out.
|
Top of the 3rd over - 0 runs, 1 hit, 0 errors, 0 left on base; Reno 1 - Gwinnett 2 |
BOTTOM OF THE 3RD |
Gwinnett Braves batting - Pitching for Reno Aces : RHP Marcos Tejeda
|
Batting: RHB Mike Manchester
|
0-0: Ground out 1-3 (Groundball, 13, EV 65.0 MPH)
|
Batting: RHB Nate Taylor
|
0-0: Ball 1-0: Ball 2-0: Ground out 6-3 (Groundball, 56, EV 89.4 MPH)
|
Batting: LHB Chris Locklear
|
0-0: Ball 1-0: Called Strike 1-1: Called Strike 1-2: Foul Ball, location: 2F 1-2: SINGLE (Groundball, P, EV 88.8 MPH) (infield hit)
|
Batting: SHB Bob Morales
|
0-0: Called Strike Chris Locklear steals 2nd base (no throw) 0-1: Ball 1-1: Foul Ball, location: 2F 1-2: Foul Ball, location: 2F 1-2: Ball 2-2: Fly out, F8 (Flyball, 8LD, EV 80.6 MPH)
|
Bottom of the 3rd over - 0 runs, 1 hit, 0 errors, 1 left on base; Reno 1 - Gwinnett 2 |
TOP OF THE 4TH |
Reno Aces batting - Pitching for Gwinnett Braves : RHP Dustin Noriega
|
Batting: LHB Ian Jarvis
|
0-0: Called Strike 0-1: Bunted foul 0-2: Ball 1-2: Ball 2-2: Ground out 4-3 (Groundball, 4, EV 85.0 MPH)
|
Batting: LHB Jeff Densmore
|
0-0: Called Strike 0-1: Swinging Strike 0-2: Reached on error, E2 (Groundball, 13S, EV 74.4 MPH)
|
Batting: LHB Steve Reinhart
|
0-0: Called Strike 0-1: Called Strike 0-2: Ball 1-2: Fly out, F7 (Flyball, 78D, EV 94.4 MPH) Runner from 2nd tags up, SAFE at 3rd with throw by LF
|
Batting: SHB Gerardo Flores
|
0-0: Ball 1-0: Foul Ball, location: 2F 1-1: Foul Ball, location: 2F 1-2: Ball 2-2: Foul Ball, location: 2F 2-2: Ground out U3 (Groundball, 3L, EV 85.6 MPH)
|
Top of the 4th over - 0 runs, 0 hits, 1 error, 1 left on base; Reno 1 - Gwinnett 2 |
BOTTOM OF THE 4TH |
Gwinnett Braves batting - Pitching for Reno Aces : RHP Marcos Tejeda
|
Batting: LHB David Bramble
|
0-0: Fly out, F8 (Flyball, 8RM, EV 95.6 MPH)
|
Batting: SHB Brian Bagley
|
0-0: Foul Ball, location: 2F 0-1: Ground out U3 (Groundball, 34S, EV 83.8 MPH)
|
Batting: RHB Alex Munoz
|
0-0: Swinging Strike 0-1: Ground out 5-3 (Groundball, 56, EV 110.0 MPH)
|
Bottom of the 4th over - 0 runs, 0 hits, 0 errors, 0 left on base; Reno 1 - Gwinnett 2 |
TOP OF THE 5TH |
Reno Aces batting - Pitching for Gwinnett Braves : RHP Dustin Noriega
|
Batting: RHB Justin McQuarter
|
0-0: Ball 1-0: Ground out 5-3 (Groundball, 56, EV 88.8 MPH)
|
Batting: RHB Roberto Rodriguez
|
0-0: Foul Ball, location: 2F 0-1: Ball 1-1: Foul Ball, location: 2F 1-2: Foul Ball, location: 2F 1-2: Foul Ball, location: 2F 1-2: Strikes out swinging
|
Batting: RHB Dustin Clark
|
0-0: Swinging Strike 0-1: Swinging Strike 0-2: Strikes out swinging, 2-3 out at first.
|
Top of the 5th over - 0 runs, 0 hits, 0 errors, 0 left on base; Reno 1 - Gwinnett 2 |
BOTTOM OF THE 5TH |
Gwinnett Braves batting - Pitching for Reno Aces : RHP Marcos Tejeda
|
Batting: RHB John Peterson
|
0-0: Swinging Strike 0-1: Fly out, F6 (Popup, 6, EV 74.4 MPH)
|
Batting: LHB Fred Arends
|
0-0: Ball 1-0: Ball 2-0: Swinging Strike 2-1: Ball 3-1: Base on Balls
|
Batting: RHB Mike Manchester
|
0-0: Ball 1-0: Ground out 5-3 (Groundball, 5S, EV 65.6 MPH) Fred Arends to second
|
Batting: RHB Nate Taylor
|
0-0: DOUBLE (Groundball, 5L, EV 101.9 MPH) Fred Arends scores
|
Batting: LHB Chris Locklear
|
0-0: Ball 1-0: Called Strike 1-1: Called Strike 1-2: Ball 2-2: Ball 3-2: DOUBLE (Line Drive, 9LM, EV 113.8 MPH) Nate Taylor scores
|
Batting: SHB Bob Morales
|
0-0: Foul Ball, location: 2F 0-1: TRIPLE (Flyball, 78XD, EV 107.5 MPH) Chris Locklear scores
|
Pitching: LHP Justin Dine
|
|
Batting: LHB David Bramble
|
0-0: Ball 1-0: Foul Ball, location: 2F 1-1: Ball 2-1: Ball 3-1: Fly out, F5 (Popup, 56, EV 76.2 MPH)
|
Bottom of the 5th over - 3 runs, 3 hits, 0 errors, 1 left on base; Reno 1 - Gwinnett 5 |
TOP OF THE 6TH |
Reno Aces batting - Pitching for Gwinnett Braves : RHP Dustin Noriega
|
Batting: RHB Jonathan Lugo
|
0-0: Ball 1-0: Ball 2-0: Ball 3-0: Base on Balls
|
Batting: SHB Carlos Rodriguez
|
0-0: Called Strike Jonathan Lugo steals 2nd base 0-1: Ball 1-1: Fly out, F8 (Line Drive, 8LD, EV 89.4 MPH)
|
Batting: LHB Ian Jarvis
|
0-0: Ball 1-0: Ball 2-0: Ground out 4-3 (Groundball, 34, EV 103.1 MPH) Jonathan Lugo to third
|
Batting: LHB Jeff Densmore
|
0-0: Ball 1-0: Foul Ball, location: 2F 1-1: 2-RUN HOME RUN (Flyball, 9D, EV 96.9 MPH), Distance : 403 ft
|
Batting: LHB Steve Reinhart
|
0-0: Ball 1-0: Ground out 6-3 (Groundball, 6, EV 87.5 MPH)
|
Top of the 6th over - 2 runs, 1 hit, 0 errors, 0 left on base; Reno 3 - Gwinnett 5 |
BOTTOM OF THE 6TH |
Gwinnett Braves batting - Pitching for Reno Aces : LHP Justin Dine
|
Batting: SHB Brian Bagley
|
0-0: SOLO HOME RUN (Flyball, 9LD, EV 94.4 MPH), Distance : 341 ft
|
Batting: RHB Alex Munoz
|
0-0: Ball 1-0: Foul Ball, location: 2F 1-1: Ball 2-1: Foul Ball, location: 2F 2-2: Ball 3-2: Base on Balls
|
Batting: RHB John Peterson
|
0-0: Called Strike 0-1: Called Strike 0-2: Ball 1-2: Grounds into double play, 6-4-3 (Groundball, 6, EV 90.0 MPH)
|
Batting: LHB Fred Arends
|
0-0: Called Strike 0-1: Ball 1-1: Foul Ball, location: 2F 1-2: Strikes out swinging
|
Bottom of the 6th over - 1 run, 1 hit, 0 errors, 0 left on base; Reno 3 - Gwinnett 6 |
TOP OF THE 7TH |
Reno Aces batting - Pitching for Gwinnett Braves : RHP Dustin Noriega
|
Batting: SHB Gerardo Flores
|
0-0: Called Strike 0-1: Ball 1-1: Ball 2-1: Ground out U3 (Groundball, 3S, EV 85.6 MPH)
|
Batting: RHB Justin McQuarter
|
0-0: Ball 1-0: Called Strike 1-1: Ball 2-1: Foul Ball, location: 2F 2-2: Foul Ball, location: 2F 2-2: Strikes out swinging
|
Batting: RHB Roberto Rodriguez
|
0-0: SINGLE (Line Drive, 89M, EV 90.6 MPH)
|
Batting: RHB Dustin Clark
|
Pickoff Throw to First - Out! 1-3 CS
|
Top of the 7th over - 0 runs, 1 hit, 0 errors, 0 left on base; Reno 3 - Gwinnett 6 |
BOTTOM OF THE 7TH |
Gwinnett Braves batting - Pitching for Reno Aces : LHP Justin Dine
|
Batting: RHB Mike Manchester
|
0-0: Called Strike 0-1: Ball 1-1: Foul Ball, location: 2F 1-2: Strikes out swinging
|
Batting: RHB Nate Taylor
|
0-0: Ball 1-0: Called Strike 1-1: Ball 2-1: Swinging Strike 2-2: Ball 3-2: Foul Ball, location: 2F 3-2: Base on Balls
|
Batting: LHB Chris Locklear
|
0-0: Called Strike Nate Taylor steals 2nd base 0-1: Fly out, F9 (Flyball, 89M, EV 78.8 MPH)
|
Batting: SHB Bob Morales
|
0-0: Called Strike 0-1: Called Strike 0-2: Ball 1-2: Ball 2-2: Ball 3-2: Ground out 6-3 (Groundball, 6, EV 100.0 MPH)
|
Bottom of the 7th over - 0 runs, 0 hits, 0 errors, 1 left on base; Reno 3 - Gwinnett 6 |
TOP OF THE 8TH |
Reno Aces batting - Pitching for Gwinnett Braves : RHP Dustin Noriega
|
Batting: RHB Dustin Clark
|
0-0: Ball 1-0: Ground out 4-3 (Groundball, 4M, EV 85.0 MPH)
|
Batting: RHB Jonathan Lugo
|
0-0: Ball 1-0: Ball 2-0: Ball 3-0: Called Strike 3-1: Foul Ball, location: 2F 3-2: Strikes out swinging
|
Batting: SHB Carlos Rodriguez
|
0-0: Called Strike 0-1: Ball 1-1: Swinging Strike 1-2: Fly out, F8 (Line Drive, 8LD, EV 87.5 MPH)
|
Top of the 8th over - 0 runs, 0 hits, 0 errors, 0 left on base; Reno 3 - Gwinnett 6 |
BOTTOM OF THE 8TH |
Gwinnett Braves batting - Pitching for Reno Aces : LHP Justin Dine
|
Pitching: RHP Chad Toms
|
|
Batting: LHB David Bramble
|
0-0: Swinging Strike 0-1: Fly out, F9 (Line Drive, 9LM, EV 85.6 MPH)
|
Batting: SHB Brian Bagley
|
0-0: Ball 1-0: Ball 2-0: SOLO HOME RUN (Flyball, 9D, EV 102.5 MPH), Distance : 381 ft
|
Batting: RHB Alex Munoz
|
0-0: Foul Ball, location: 2F 0-1: Ball 1-1: Ball 2-1: Foul Ball, location: 2F 2-2: Strikes out swinging
|
Batting: RHB John Peterson
|
0-0: Swinging Strike 0-1: Foul Ball, location: 2F 0-2: Strikes out swinging
|
Bottom of the 8th over - 1 run, 1 hit, 0 errors, 0 left on base; Reno 3 - Gwinnett 7 |
TOP OF THE 9TH |
Reno Aces batting - Pitching for Gwinnett Braves : RHP Dustin Noriega
|
Batting: LHB Ian Jarvis
|
0-0: Ball 1-0: SINGLE (Groundball, 56D, EV 95.0 MPH)
|
Pitching: RHP Larry Stegall
|
|
Batting: LHB Jeff Densmore
|
0-0: Ball 1-0: Ball 2-0: Ball 3-0: Base on Balls Ian Jarvis to second
|
Batting: LHB Steve Reinhart
|
0-0: Foul Ball, location: 2F 0-1: Foul Ball, location: 2F 0-2: Ball 1-2: Ball 2-2: Foul Ball, location: 2F 2-2: Grounds into double play, 6-4-3 (Groundball, 6, EV 84.4 MPH) Ian Jarvis to third
|
Batting: SHB Gerardo Flores
|
0-0: Called Strike 0-1: Fly out, F9 (Line Drive, 9, EV 96.9 MPH)
|
Top of the 9th over - 0 runs, 1 hit, 0 errors, 1 left on base; Reno 3 - Gwinnett 7 |
|